 Dungeon Crawl Stone Soup version 0.21.1-1-g345015f (webtiles) character file.

353 theblackcape the Fighter (level 6, -7/57 HPs)
             Began as a Gnoll Wanderer on June 24, 2018.
             Killed from afar by an orc wizard (9 damage)
             ... with a magic dart
             ... on level 4 of the Dungeon.
             The game lasted 00:11:52 (4209 turns).

theblackcape the Fighter (Gnoll Wanderer)           Turns: 4209, Time: 00:11:54

Health: -7/57      AC:  3    Str: 16    XL:     6   Next: 62%
Magic:  12/14      EV: 12    Int: 16    God:
Gold:   164        SH:  0    Dex: 13    Spells: 13/15 levels left

rFire    . . .     SeeInvis .   p - +0 short sword (curse)
rCold    + . .     Gourm    .   (no shield)
rNeg     . . .     Faith    .   j - +0 leather armour
rPois    .         Spirit   .   x - +0 hat
rElec    .         Reflect  .   (no cloak)
rCorr    .         Harm     .   (no gloves)
MR       +....                  (no boots)
Stlth    ++........             (no amulet)
HPRegen  0.19/turn              t - ring of protection from cold
MPRegen  0.14/turn              w - ring of protection from magic

@: about to teleport
A: distributed training, fangs 1, strong nose
a: no special abilities


You were on level 4 of the Dungeon.
You were very hungry.

You visited 1 branch of the dungeon, and saw 4 of its levels.

You collected 164 gold pieces.

Inventory:

Hand Weapons
 a - a +2 hand axe
 p - a cursed +0 short sword (weapon)
 D - a +0 trident of piercing
Armour
 d - a +0 robe
 j - a +0 leather armour (worn)
 x - a +0 hat (worn)
 B - a +1 robe of magic resistance
Jewellery
 m - an uncursed ring of ice
 t - a ring of protection from cold (left hand)
 w - a ring of protection from magic (right hand)
Scrolls
 h - 2 scrolls of enchant weapon {unknown}
 i - a scroll of remove curse
 l - a scroll of noise {unknown}
 n - a scroll of immolation {unknown}
 r - a scroll of random uselessness {unknown}
 s - a scroll of enchant armour {unknown}
 u - 2 scrolls of fear {unknown}
 v - a scroll of teleportation
 y - a scroll of identify
 A - 2 scrolls of amnesia {unknown}
Potions
 e - a potion of brilliance
 g - 2 potions of haste {unknown}
 k - a potion of heal wounds {unknown}
 o - 2 potions of might {unknown}
 q - a potion of resistance {unknown}
 z - a potion of degeneration {unknown}
 C - a potion of flight {unknown}
Books
 b - the Papyrus of Shape Shifting

   Spells                             Type                      Level
   a - Beastly Appendage              Transmutation                1
   b - Ignite Poison                  Fire/Transmutation/Poison    3
 c - the Catalogue of Feathers

   Spells                             Type                      Level
   a - Shock                          Conjuration/Air              1
   b - Static Discharge               Conjuration/Air              3
Comestibles
 f - 5 rations


   Skills:
 + Level 8.7 Fighting
 + Level 2.0 Short Blades
 + Level 2.0 Long Blades
 + Level 3.2 Axes
 + Level 2.0 Maces & Flails
 + Level 2.0 Polearms
 + Level 2.0 Staves
 + Level 2.0 Slings
 + Level 2.0 Bows
 + Level 2.0 Crossbows
 + Level 3.2 Throwing
 + Level 2.0 Armour
 + Level 2.0 Dodging
 + Level 2.0 Stealth
 + Level 2.0 Shields
 + Level 2.0 Unarmed Combat
 + Level 5.4 Spellcasting
 + Level 1.5 Conjurations
 + Level 1.5 Hexes
 + Level 1.5 Charms
 + Level 2.6 Summonings
 + Level 1.5 Necromancy
 + Level 1.5 Translocations
 + Level 1.5 Transmutations
 + Level 1.5 Fire Magic
 + Level 1.5 Ice Magic
 + Level 1.5 Air Magic
 + Level 1.5 Earth Magic
 + Level 1.5 Poison Magic
 + Level 2.2 Invocations
 + Level 3.2 Evocations


You had 13 spell levels left.
You knew the following spells:

 Your Spells              Type           Power        Failure   Level  Hunger
a - Beastly Appendage     Tmut           #.....       10%         1    None
b - Shock                 Conj/Air       #...         10%         1    None


Dungeon Overview and Level Annotations

Branches:
Dungeon (4/15)
 Temple: D:4-7

Altars:
Makhleb
Okawaru
Sif Muna


Innate Abilities, Weirdness & Mutations

Your experience applies equally to all skills.
You have very sharp teeth.
Your uncanny sense of smell can sniff out nearby items.


Message History

The orc is almost dead.
The zap hits the orc.
You kill the orc!
Something hits you but does no damage. Something hits you.
* * * LOW HITPOINT WARNING * * *
Casting: Shock
Confirm with . or Enter, or press ? or * to list all spells.
You can't see any susceptible monsters within range! (Use Z to cast anyway.) Unknown command.
Casting: Shock
Confirm with . or Enter, or press ? or * to list all spells.
You can't see any susceptible monsters within range! (Use Z to cast anyway.) Unknown command.
As you read the scroll of teleportation, it crumbles to dust.
You feel strangely unstable. Something hits you.
* * * LOW HITPOINT WARNING * * *
You hear some strange, mumbled words.
A magic dart appears from out of thin air!
The magic dart hits you!
You die...

#..# #.................# ##
##.# ##................# ##.
#.# #................# ##..#
#.## ##..............## .....
#..# ##.............# .....#
#..#### #............##
......##.....####..........##
......#..##....###.........#
..%.....######){@.#.......##
......o## ####{.......##
......## ####....#### ......
##.#....###### ......
######....##. ...... ###)....
....#. ###>.. ...##. #....
#)...


There were no monsters in sight!

Vanquished Creatures
  An ice beast (D:4)
  A bullfrog skeleton (D:4)
  An orc wizard (D:3)
  Jessica (D:3)
  A worker ant (D:4)
  4 adders
  An ooze (D:2)
  An adder skeleton (D:4)
  3 worms
  2 dart slugs
  4 leopard geckos
  11 orcs
  4 giant cockroaches
  5 goblins
  7 hobgoblins
  7 jackals
  7 kobolds
  3 quokkas
  11 bats
  A frilled lizard (D:1)
  7 rats
83 creatures vanquished.

Notes
Turn   | Place    | Note
-------+----------+-------------------------------------------
     0 | D:1      | theblackcape the Gnoll Wanderer began the quest for the Orb.
     0 | D:1      | theblackcape set off with: a +2 hand axe, the Papyrus of Shape Shifting, the Catalogue of Feathers, a +0 robe, a ration
     0 | D:1      | Reached XP level 1. HP: 26/26 MP: 6/6
     0 | D:1      | Identified the Papyrus of Shape Shifting
     0 | D:1      | Identified the Catalogue of Feathers
     2 | D:1      | Learned a level 1 spell: Beastly Appendage
     4 | D:1      | Learned a level 1 spell: Shock
   130 | D:1      | Reached XP level 2. HP: 33/33 MP: 3/7
   685 | D:2      | Reached XP level 3. HP: 37/38 MP: 6/9
   734 | D:2      | Reached skill level 5 in Spellcasting
   973 | D:2      | Reached skill level 1 in Invocations
  1010 | D:2      | Reached skill level 1 in Short Blades
  1010 | D:2      | Reached skill level 1 in Long Blades
  1010 | D:2      | Reached skill level 1 in Maces & Flails
  1010 | D:2      | Reached skill level 1 in Polearms
  1010 | D:2      | Reached skill level 1 in Staves
  1010 | D:2      | Reached skill level 1 in Slings
  1010 | D:2      | Reached skill level 1 in Bows
  1010 | D:2      | Reached skill level 1 in Crossbows
  1010 | D:2      | Reached skill level 1 in Armour
  1010 | D:2      | Reached skill level 1 in Dodging
  1010 | D:2      | Reached skill level 1 in Stealth
  1010 | D:2      | Reached skill level 1 in Shields
  1010 | D:2      | Reached skill level 1 in Unarmed Combat
  1099 | D:2      | Reached XP level 4. HP: 22/45 MP: 8/11
  1806 | D:2      | Found a deep blue altar of Sif Muna.
  2640 | D:3      | Reached skill level 1 in Conjurations
  2640 | D:3      | Reached skill level 1 in Hexes
  2640 | D:3      | Reached skill level 1 in Charms
  2640 | D:3      | Reached skill level 1 in Necromancy
  2640 | D:3      | Reached skill level 1 in Translocations
  2640 | D:3      | Reached skill level 1 in Transmutations
  2640 | D:3      | Reached skill level 1 in Fire Magic
  2640 | D:3      | Reached skill level 1 in Ice Magic
  2640 | D:3      | Reached skill level 1 in Air Magic
  2640 | D:3      | Reached skill level 1 in Earth Magic
  2640 | D:3      | Reached skill level 1 in Poison Magic
  2684 | D:3      | Reached XP level 5. HP: 37/51 MP: 6/12
  2994 | D:3      | Noticed Jessica
  2998 | D:3      | Killed Jessica
  3366 | D:4      | Reached XP level 6. HP: 23/57 MP: 11/13
  3657 | D:4      | Found an iron altar of Okawaru.
  3749 | D:4      | Found a burning altar of Makhleb.
  4092 | D:4      | Noticed an ice beast
  4106 | D:4      | Killed an ice beast
  4209 | D:4      | HP: 2/57 [something (2)]
  4209 | D:4      | Killed from afar by an orc wizard

Skill      XL: |  1  2  3  4  5  6 |
---------------+-------------------+-----
Summonings     | 2 |  2.6
Spellcasting   | 5 |  5.4
Invocations    | 1 2 |  2.2
Short Blades   | 1 2 |  2.0
Long Blades    | 1 2 |  2.0
Maces & Flails | 1 2 |  2.0
Polearms       | 1 2 |  2.0
Staves         | 1 2 |  2.0
Slings         | 1 2 |  2.0
Bows           | 1 2 |  2.0
Crossbows      | 1 2 |  2.0
Armour         | 1 2 |  2.0
Dodging        | 1 2 |  2.0
Stealth        | 1 2 |  2.0
Shields        | 1 2 |  2.0
Unarmed Combat | 1 2 |  2.0
Conjurations   | 1 |  1.5
Hexes          | 1 |  1.5
Charms         | 1 |  1.5
Necromancy     | 1 |  1.5
Translocations | 1 |  1.5
Transmutations | 1 |  1.5
Fire Magic     | 1 |  1.5
Ice Magic      | 1 |  1.5
Air Magic      | 1 |  1.5
Earth Magic    | 1 |  1.5
Poison Magic   | 1 |  1.5
Axes           | 3 |  3.2
Throwing       | 3 |  3.2
Evocations     | 3 |  3.2
Fighting       | |  8.7

Action                   |  1- 3 |  4- 6 || total
-------------------------+-------+-------++-------
Melee: Hand axe          |    74 |    31 ||   105
       Kick              |     2 |    13 ||    15
       Bite              |     5 |    17 ||    22
       Short sword       |       |   129 ||   129
       Punch             |       |     2 ||     2
       Headbutt          |       |     4 ||     4
 Cast: Beastly Appendage |     7 |    13 ||    20
       Shock             |    13 |    37 ||    50
  Use: Scroll            |     2 |     4 ||     6
       Potion            |     1 |       ||     1
 Stab: Sleeping          |       |     2 ||     2
  Eat: Chunk             |     1 |     8 ||     9
Armor: Leather armour    |    31 |    45 ||    76
       Robe              |     1 |       ||     1
Dodge: Dodged            |    52 |    91 ||   143
